 Dungeon Crawl Stone Soup version 0.22.0-27-ga576289 (webtiles) character file.

228 poirepourri the Magician (level 5, 0/35 HPs)
             Began as a Mummy Ice Elementalist on Aug 22, 2018.
             Slain by a bullfrog skeleton (2 damage)
             ... on level 4 of the Dungeon.
             The game lasted 00:04:35 (4650 turns).

poirepourri the Magician (Mummy Ice Elementalist)   Turns: 4650, Time: 00:04:36

Health: 0/35       AC:  9    Str: 12    XL:     5   Next: 71%
Magic:  11/14      EV: 12    Int: 15    God:
Gold:   114        SH:  0    Dex: 12    Spells: 11/17 levels left

rFire    x . .     SeeInvis .   c - +0 short sword
rCold    + . .     Gourm    .   (no shield)
rNeg     + + +     Faith    .   a - +0 robe
rPois    ∞         Spirit   .   (no helmet)
rElec    .         Reflect  .   (no cloak)
rCorr    .         Harm     .   (no gloves)
MR       .....                  (no boots)
Stlth    ++........             (no amulet)
HPRegen  0.11/turn              d - +2 ring of protection
MPRegen  0.14/turn              (no ring)

@: icy armour
A: no food or potions, fire vulnerability, cold resistance 1, negative energy
resistance 3, torment resistance, unbreathing
a: no special abilities


You were on level 4 of the Dungeon.
You were not hungry.

You visited 1 branch of the dungeon, and saw 4 of its levels.

You collected 114 gold pieces.

Inventory:

Hand Weapons
 c - a +0 short sword (weapon)
Missiles
 b - 7 javelins (quivered)
 f - 4 tomahawks of dispersal
Armour
 a - a +0 robe (worn)
Jewellery
 d - a +2 ring of protection (left hand)
 h - an uncursed amulet of guardian spirit {unknown}
 i - a cursed -2 ring of evasion {unknown}
Scrolls
 e - a scroll of identify
 g - 2 scrolls of amnesia


   Skills:
 - Level 1.5 Dodging
 - Level 1.5 Stealth
 + Level 6.9 Spellcasting
 - Level 1.0 Conjurations
 - Level 3.0 Ice Magic


You had 11 spell levels left.
You knew the following spells:

 Your Spells              Type           Power        Failure   Level  Hunger
a - Freeze                Ice            ##..         4%          1    N/A
b - Throw Frost           Conj/Ice       ##....       9%          2    N/A
c - Ozocubu's Armour      Chrm/Ice       #.......     22%         3    N/A

Your spell library contained the following spells:

 Spells                   Type           Power        Failure   Level  Hunger
 Throw Icicle             Conj/Ice       ##......     52%         4    N/A
 Summon Ice Beast         Ice/Summ       #.......     58%         4    N/A

Dungeon Overview and Level Annotations

Branches:
Dungeon (4/15)
 Temple: D:4-7

Altars:
Ashenzari
Ru
Wu Jian


Innate Abilities, Weirdness & Mutations

You do not eat or drink.
Your flesh is vulnerable to fire.
You are immune to poison.
Your flesh is cold resistant. (rC+)
You are immune to negative energy. (rN+++)
You are immune to unholy pain and torment.
You can survive without breathing.


Message History

* * * LOW HITPOINT WARNING * * *
The bullfrog skeleton misses you.
Sorry, you're not good enough to have a special ability.
Casting: Freeze (safe; 4% risk of failure)
Confirm with . or Enter, or press ? or * to list all spells.
Okay, then.
Casting: Freeze (safe; 4% risk of failure)
Confirm with . or Enter, or press ? or * to list all spells.
A film of ice covers your body!
The bullfrog skeleton barely misses you.
You hit the bullfrog skeleton but do no damage.
The bullfrog skeleton is severely damaged.
The bullfrog skeleton hits you.
* * * LOW HITPOINT WARNING * * *
The bullfrog skeleton barely misses you.
Unknown command.
You hit the bullfrog skeleton.
The bullfrog skeleton is almost destroyed.
The bullfrog skeleton hits you.
You die...

....# #.# #......................
###.###.###............#.#######.
....'.._###.######..##.#.# .
.#..###.###.######..##.#.# .##.#
#.# #......#.<...#.#
.##.###+###......#.#####.#
.##..............#.......#
.##..............######..#
.##......#'#....@#
.##......#.#....Z#
.##......#.#.....#
###......#.#.....########
........................#
#.#......#.#.....##...#.#
#.#......#........#..!#
#†###############.#...# #)#
#.#...#


You could see a bullfrog skeleton.

Vanquished Creatures
  An orc priest (D:4)
  A worker ant (D:4)
  8 adders
  2 worms
  3 dart slugs
  4 leopard geckos
  10 orcs
  5 giant cockroaches
  10 goblins
  7 hobgoblins
  5 kobolds
  A quokka (D:2)
  8 bats
  4 frilled lizards
  A quokka skeleton (D:4)
  7 rats
77 creatures vanquished.

Vanquished Creatures (others)
  A fungus (D:2)
1 creature vanquished.

Grand Total: 78 creatures vanquished

Notes
Turn   | Place    | Note
-------+----------+-------------------------------------------
     0 | D:1      | poirepourri the Mummy Ice Elementalist began the quest for the Orb.
     0 | D:1      | Reached XP level 1. HP: 13/13 MP: 4/4
    41 | D:1      | Reached skill level 3 in Spellcasting
   500 | D:1      | Reached XP level 2. HP: 19/19 MP: 1/6
   620 | D:1      | Learned a level 2 spell: Throw Frost
   702 | D:1      | Reached skill level 4 in Spellcasting
  1149 | D:1      | Reached XP level 3. HP: 24/24 MP: 3/8
  1299 | D:1      | Learned a level 3 spell: Ozocubu's Armour
  2210 | D:2      | Reached skill level 5 in Spellcasting
  2462 | D:2      | Found a sacrificial altar of Ru.
  2564 | D:2      | Reached skill level 1 in Conjurations
  2753 | D:3      | Reached XP level 4. HP: 28/30 MP: 4/11
  2780 | D:3      | Found a shattered altar of Ashenzari.
  3842 | D:3      | Reached XP level 5. HP: 35/35 MP: 9/13
  4181 | D:4      | Reached skill level 6 in Spellcasting
  4255 | D:4      | Found an ornate altar of the Wu Jian Council.
  4650 | D:4      | Slain by a bullfrog skeleton

Skill      XL: |  1  2  3  4  5 |
---------------+----------------+-----
Spellcasting   | 3 4 5 6 |  6.9
Conjurations   | 1 |  1.0
Ice Magic      | 3 |  3.0
Dodging        | |  1.5
Stealth        | |  1.5

Action                   |  1- 3 |  4- 6 || total
-------------------------+-------+-------++-------
Melee: Unarmed           |    19 |     5 ||    24
       Short sword       |       |    35 ||    35
Throw: Javelin           |       |     1 ||     1
 Cast: Freeze            |    58 |    61 ||   119
       Throw Frost       |    10 |    13 ||    23
       Ozocubu's Armour  |       |     1 ||     1
  Use: Scroll            |     8 |     2 ||    10
Armor: Robe              |    18 |    22 ||    40
Dodge: Dodged            |    40 |    50 ||    90
